SBL
FOOTSCRAY BULLDOGS @ FITZROY LIONS
07/17/2022
 
TOP OF THE 1ST
Footscray Bulldogs batting - Pitching for Fitzroy Lions : RHP Morton Nutley
Pitching: RHP Morton Nutley
Batting: RHB Reg Dainty 0-0: Ground out 1-3 (Groundball, 15S, EV 65.6 MPH)
Batting: RHB Brad Angwin 0-0: Ball
1-0: Called Strike
1-1: Ball
2-1: Fly out, F7 (Flyball, 78D, EV 98.8 MPH)
Batting: LHB Ethan Rymer 0-0: Ball
1-0: Ball
2-0: Called Strike
2-1: Foul Ball, location: 2F
2-2: Foul Ball, location: 2F
2-2: Ground out 6-3 (Groundball, 6, EV 90.0 MPH)
Top of the 1st over - 0 runs, 0 hits, 0 errors, 0 left on base; Footscray 0 - Fitzroy 0
BOTTOM OF THE 1ST
Fitzroy Lions batting - Pitching for Footscray Bulldogs : RHP Jason Gibbs
Pitching: RHP Jason Gibbs
Batting: LHB Guarçia Dresel 0-0: Called Strike
0-1: Ball
1-1: Swinging Strike
1-2: Strikes out looking and he ARGUES THE CALL AND IS TOSSED!
Batting: RHB John Waldegrave 0-0: SINGLE (Line Drive, 8LS, EV 90.0 MPH)
Batting: RHB Asa Lanyon 0-0: Called Strike
0-1: Grounds into double play, 5-4-3 (Groundball, 56, EV 104.4 MPH)
Bottom of the 1st over - 0 runs, 1 hit, 0 errors, 0 left on base; Footscray 0 - Fitzroy 0
TOP OF THE 2ND
Footscray Bulldogs batting - Pitching for Fitzroy Lions : RHP Morton Nutley
Now at SS: Cortney Edlich
Now in CF: Arnie Carleton
Batting: RHB Colin Matthews 0-0: Swinging Strike
0-1: Swinging Strike
0-2: Ball
1-2: Strikes out swinging
Batting: RHB Marc Dumbrill 0-0: Called Strike
0-1: SINGLE (Line Drive, 7S, EV 89.4 MPH)
Batting: RHB Kip Harris 0-0: Ball
1-0: Called Strike
1-1: Called Strike
1-2: Foul Ball, location: 9LMF
1-2: Foul Ball, location: 5FF
1-2: Strikes out swinging
Batting: RHB Marvin Fairchild 0-0: Ball
1-0: Ball
2-0: Called Strike
2-1: Ball
3-1: Fly out, F9 (Flyball, 9S, EV 92.5 MPH)
Top of the 2nd over - 0 runs, 1 hit, 0 errors, 1 left on base; Footscray 0 - Fitzroy 0
BOTTOM OF THE 2ND
Fitzroy Lions batting - Pitching for Footscray Bulldogs : RHP Jason Gibbs
Batting: RHB Jamey Goodwin 0-0: Called Strike
0-1: Ball
1-1: Ball
2-1: Swinging Strike
2-2: Strikes out swinging
Batting: LHB Kevin Blamey 0-0: Ball
1-0: Called Strike
1-1: Ball
2-1: Called Strike
2-2: Foul Ball, location: 3F
2-2: Ball
3-2: SINGLE (Groundball, 6MD, EV 108.8 MPH)
Batting: SHB Brendan Koora 0-0: Ball
1-0: Foul Ball, location: 9LSFF
1-1: Ball
2-1: Swinging Strike
Kevin Blamey is caught stealing 2nd base 2-6
2-2: Ball
3-2: Ground out 4-3 (Groundball, 34, EV 76.9 MPH)
Bottom of the 2nd over - 0 runs, 1 hit, 0 errors, 0 left on base; Footscray 0 - Fitzroy 0
TOP OF THE 3RD
Footscray Bulldogs batting - Pitching for Fitzroy Lions : RHP Morton Nutley
Batting: SHB Matt Brentnall 0-0: Ball
1-0: Ball
2-0: Ball
3-0: Base on Balls
Batting: RHB Ray Donaldson 0-0: Ball
1-0: Fly out, F9 (Flyball, 89S, EV 89.4 MPH)
Batting: RHB Reg Dainty 0-0: Swinging Strike
0-1: Ball
1-1: Ball
2-1: SINGLE (Groundball, 3D, EV 95.0 MPH)
Matt Brentnall to second
Runner from 2nd tries for 3rd, SAFE, throw by RF made to third
Batting: RHB Brad Angwin 0-0: Called Strike
0-1: Ball
1-1: Foul Ball, location: 9LMF
1-2: Foul Ball, location: 5DF
1-2: Ball
2-2: Foul Ball, location: 3SF
2-2: Ball
3-2: Base on Balls
Reg Dainty to second
Batting: LHB Ethan Rymer 0-0: Called Strike
0-1: Foul Ball, location: 2RF
0-2: Ball
1-2: Foul Ball, location: 2F
1-2: Foul Ball, location: 2F
1-2: Strikes out looking
Batting: RHB Colin Matthews 0-0: Ball
1-0: Ball
2-0: Ball
3-0: Base on Balls
Matt Brentnall scores
Reg Dainty to third
Brad Angwin to second
Batting: RHB Marc Dumbrill 0-0: Called Strike
0-1: Ground out 3-1 (Groundball, 34, EV 84.4 MPH)
Top of the 3rd over - 1 run, 1 hit, 0 errors, 3 left on base; Footscray 1 - Fitzroy 0
BOTTOM OF THE 3RD
Fitzroy Lions batting - Pitching for Footscray Bulldogs : RHP Jason Gibbs
Batting: LHB Shane Denning 0-0: Called Strike
0-1: Swinging Strike
0-2: Ball
1-2: Ball
2-2: Strikes out looking
Batting: RHB Arnie Carleton 0-0: Ball
1-0: Called Strike
1-1: Called Strike
1-2: Ball
2-2: Strikes out swinging, 2-3 out at first.
Batting: RHB John Bracher 0-0: Called Strike
0-1: Foul Ball, location: 5F
0-2: Ball
1-2: Foul Ball, location: 9LMF
1-2: Ground out U3 (Groundball, 3L, EV 86.3 MPH)
Bottom of the 3rd over - 0 runs, 0 hits, 0 errors, 0 left on base; Footscray 1 - Fitzroy 0
TOP OF THE 4TH
Footscray Bulldogs batting - Pitching for Fitzroy Lions : RHP Morton Nutley
Batting: RHB Kip Harris 0-0: SINGLE (Groundball, 4MD, EV 106.3 MPH)
Batting: RHB Marvin Fairchild 0-0: Fly out, F8 (Flyball, 89XD, EV 98.1 MPH)
Batting: SHB Matt Brentnall 0-0: Ball
1-0: Called Strike
1-1: 2-RUN HOME RUN (Flyball, 8LXD, EV 113.8 MPH), Distance : 473 ft
Batting: RHB Ray Donaldson 0-0: Ball
1-0: Called Strike
1-1: Ground out U3 (Groundball, 3S, EV 81.3 MPH)
Batting: RHB Reg Dainty 0-0: Called Strike
0-1: Ball
1-1: Ball
2-1: Fly out, F4 (Popup, 4, EV 63.8 MPH)
Top of the 4th over - 2 runs, 2 hits, 0 errors, 0 left on base; Footscray 3 - Fitzroy 0
BOTTOM OF THE 4TH
Fitzroy Lions batting - Pitching for Footscray Bulldogs : RHP Jason Gibbs
Batting: RHB Cortney Edlich 0-0: Ball
1-0: Called Strike
1-1: Ball
2-1: Ball
3-1: Fly out, F9 (Flyball, 89S, EV 93.1 MPH)
Batting: RHB John Waldegrave 0-0: Called Strike
0-1: Foul Ball, location: 2F
0-2: Ball
1-2: Ball
2-2: Foul Ball, location: 25F
2-2: Ball
3-2: Foul Ball, location: 23F
3-2: Base on Balls
Batting: RHB Asa Lanyon 0-0: Ball
1-0: SINGLE (Groundball, 56D, EV 101.9 MPH)
John Waldegrave to second
Batting: RHB Jamey Goodwin 0-0: Called Strike
0-1: Swinging Strike
0-2: Foul Ball, location: 2F
0-2: Hit by Pitch
John Waldegrave to third
Asa Lanyon to second
Batting: LHB Kevin Blamey 0-0: Called Strike
0-1: Ball
1-1: Ball
2-1: Swinging Strike
2-2: Grounds into double play, U5-3 (Groundball, 5, EV 84.4 MPH)
Bottom of the 4th over - 0 runs, 1 hit, 0 errors, 2 left on base; Footscray 3 - Fitzroy 0
TOP OF THE 5TH
Footscray Bulldogs batting - Pitching for Fitzroy Lions : RHP Morton Nutley
Batting: RHB Brad Angwin 0-0: Ball
1-0: Ball
2-0: Ball
3-0: Called Strike
3-1: Base on Balls
Batting: LHB Ethan Rymer 0-0: Called Strike
0-1: Called Strike
0-2: Grounds into double play, 4-6-3 (Groundball, 4, EV 110.0 MPH)
Batting: RHB Colin Matthews 0-0: Called Strike
0-1: Ball
1-1: Ball
2-1: Ball
3-1: Foul Ball, location: 23F
3-2: Foul Ball, location: 3FF
3-2: SINGLE (Groundball, 6MD, EV 110.6 MPH)
Pitching: RHP Tory Kennelly
Batting: RHB Marc Dumbrill 0-0: Foul Ball, location: 25F
0-1: Ball
1-1: Fly out, F7 (Flyball, 7S, EV 79.4 MPH)
Top of the 5th over - 0 runs, 1 hit, 0 errors, 1 left on base; Footscray 3 - Fitzroy 0
BOTTOM OF THE 5TH
Fitzroy Lions batting - Pitching for Footscray Bulldogs : RHP Jason Gibbs
Batting: SHB Brendan Koora 0-0: SINGLE (Groundball, 6MD, EV 101.9 MPH)
Batting: LHB Shane Denning 0-0: Swinging Strike
0-1: Foul Ball, location: 3F
0-2: Ball
1-2: Ball
2-2: Foul Ball, location: 2LF
2-2: Ball
3-2: Foul Ball, location: 7LMF
3-2: SINGLE (Line Drive, 9LS, EV 104.4 MPH)
Brendan Koora to second
Batting: RHB Arnie Carleton 0-0: Called Strike
0-1: Ball
1-1: Ball
2-1: Foul Ball, location: 5FF
2-2: Ball
3-2: Foul Ball, location: 3DF
3-2: Base on Balls
Brendan Koora to third
Shane Denning to second
Batting: RHB John Bracher 0-0: Ball
1-0: Swinging Strike
1-1: SINGLE (Groundball, 6MD, EV 104.4 MPH)
Brendan Koora scores
Shane Denning to third
Arnie Carleton to second
Batting: RHB Cortney Edlich 0-0: Foul Ball, location: 9LSF
0-1: Fielders Choice at 2nd, 6-4 (Groundball, 56, EV 101.3 MPH)
Shane Denning scores
Arnie Carleton to third
Batting: RHB John Waldegrave 0-0: Ball
Cortney Edlich steals 2nd base
1-0: Foul Ball, location: 23F
1-1: SINGLE (Line Drive, 8RS, EV 105.6 MPH)
Arnie Carleton scores
Cortney Edlich to third
Runner from 3rd tries for Home, SAFE, throw by CF to home
Batting: RHB Asa Lanyon 0-0: Ball
1-0: Fly out, F9 (Flyball, 9LM, EV 93.8 MPH)
Batting: RHB Jamey Goodwin 0-0: Ball
1-0: Fielders Choice at 2nd, 6-4 (Groundball, 6, EV 90.0 MPH)
Bottom of the 5th over - 4 runs, 4 hits, 0 errors, 1 left on base; Footscray 3 - Fitzroy 4
TOP OF THE 6TH
Footscray Bulldogs batting - Pitching for Fitzroy Lions : RHP Tory Kennelly
Batting: RHB Kip Harris 0-0: Ball
1-0: Ball
2-0: Called Strike
2-1: Fly out, F7 (Line Drive, 7, EV 98.8 MPH)
Batting: RHB Marvin Fairchild 0-0: Called Strike
0-1: Foul Ball, location: 7LMF
0-2: Strikes out swinging
Batting: SHB Matt Brentnall 0-0: Ball
1-0: Ball
2-0: Ball
3-0: Called Strike
3-1: Foul Ball, location: 2F
3-2: Ground out 6-3 (Groundball, 6, EV 84.4 MPH)
Top of the 6th over - 0 runs, 0 hits, 0 errors, 0 left on base; Footscray 3 - Fitzroy 4
BOTTOM OF THE 6TH
Fitzroy Lions batting - Pitching for Footscray Bulldogs : RHP Jason Gibbs
Batting: LHB Kevin Blamey 0-0: Fly out, F8 (Flyball, 89M, EV 91.9 MPH)
Batting: SHB Brendan Koora 0-0: Ball
1-0: Ball
2-0: Ball
3-0: Base on Balls
Pitching: RHP Destin Stuckey
Batting: LHB Shane Denning 0-0: Ball
1-0: Ball
2-0: Fly out, F5 (Popup, 5SF, EV 75.0 MPH)
Batting: RHB Arnie Carleton 0-0: Ball
1-0: Ball
2-0: Ball
3-0: Base on Balls
Brendan Koora to second
Batting: RHB John Bracher 0-0: Ground out U3 (Groundball, 3, EV 88.1 MPH)
Bottom of the 6th over - 0 runs, 0 hits, 0 errors, 2 left on base; Footscray 3 - Fitzroy 4
TOP OF THE 7TH
Footscray Bulldogs batting - Pitching for Fitzroy Lions : RHP Tory Kennelly
Pinch Hitting: RHB Shaun Allora 0-0: Ball
1-0: Fly out, F5 (Line Drive, 5, EV 71.9 MPH)
Batting: RHB Reg Dainty 0-0: Ball
1-0: Ball
2-0: Ball
3-0: Called Strike
3-1: Fly out, F7 (Line Drive, 7, EV 110.0 MPH)
Batting: RHB Brad Angwin 0-0: Foul Ball, location: 9LMF
0-1: Ball
1-1: Fly out, F8 (Flyball, 8LM, EV 95.0 MPH)
Top of the 7th over - 0 runs, 0 hits, 0 errors, 0 left on base; Footscray 3 - Fitzroy 4
BOTTOM OF THE 7TH
Fitzroy Lions batting - Pitching for Footscray Bulldogs : RHP Destin Stuckey
Now at 2B: Shaun Allora
Now at SS: Kip Harris
Batting: RHB Cortney Edlich 0-0: Hit by Pitch
Batting: RHB John Waldegrave 0-0: SINGLE (Flyball, 4MD, EV 91.3 MPH)
Cortney Edlich to second
Batting: RHB Asa Lanyon 0-0: Ball
1-0: Fly out, F8 (Flyball, 8LXD, EV 93.8 MPH)
Runner from 2nd tags up, SAFE at 3rd, no throw by CF
Batting: RHB Jamey Goodwin 0-0: Ball
1-0: Foul Ball, location: 23FF
1-1: Fly out, F7 (Flyball, 7D, EV 103.1 MPH)
Runner from 3rd tags up, SCORES, throw by LF
Batting: LHB Kevin Blamey 0-0: Ball
1-0: Called Strike
1-1: Foul Ball, location: 7LSF
1-2: Foul Ball, location: 7LMF
1-2: Ground out 1-3 (Groundball, 13S, EV 68.1 MPH)
Bottom of the 7th over - 1 run, 1 hit, 0 errors, 1 left on base; Footscray 3 - Fitzroy 5
TOP OF THE 8TH
Footscray Bulldogs batting - Pitching for Fitzroy Lions : RHP Tory Kennelly
Pitching: RHP Ray Whitney
Batting: LHB Ethan Rymer 0-0: Ball
1-0: Ball
2-0: Ground out 1-3 (Groundball, 15S, EV 70.0 MPH)
Batting: RHB Colin Matthews 0-0: Called Strike
0-1: Ball
1-1: Called Strike
1-2: Strikes out swinging
Batting: RHB Marc Dumbrill 0-0: Fly out, F3 (Popup, 3, EV 63.1 MPH)
Top of the 8th over - 0 runs, 0 hits, 0 errors, 0 left on base; Footscray 3 - Fitzroy 5
BOTTOM OF THE 8TH
Fitzroy Lions batting - Pitching for Footscray Bulldogs : RHP Destin Stuckey
Batting: SHB Brendan Koora 0-0: SINGLE (Line Drive, 34D, EV 105.0 MPH)
Batting: LHB Shane Denning 0-0: Grounds into double play, 4-6-3 (Groundball, 4, EV 98.8 MPH)
Batting: RHB Arnie Carleton 0-0: Ball
1-0: Ball
2-0: Ball
3-0: Called Strike
3-1: Fly out, F6 (Popup, 4MS, EV 77.5 MPH)
Bottom of the 8th over - 0 runs, 1 hit, 0 errors, 0 left on base; Footscray 3 - Fitzroy 5
TOP OF THE 9TH
Footscray Bulldogs batting - Pitching for Fitzroy Lions : RHP Ray Whitney
Pitching: LHP Len Austin
Now at 2B: Cortney Edlich
Now at SS: Darren Sturges
Batting: RHB Kip Harris 0-0: Ball
1-0: Ball
2-0: Called Strike
2-1: Called Strike
2-2: Strikes out swinging
Batting: RHB Marvin Fairchild 0-0: Ball
1-0: Ball
2-0: Ball
3-0: Base on Balls
Batting: SHB Matt Brentnall 0-0: Ball
Passed Ball!
Marvin Fairchild to second
1-0: Foul Ball, location: 2F
1-1: Ground out 4-3 (Groundball, 4S, EV 70.6 MPH)
Marvin Fairchild to third
Batting: RHB Shaun Allora 0-0: Called Strike
0-1: DOUBLE (Flyball, 89XD, EV 106.3 MPH)
Marvin Fairchild scores
Batting: RHB Reg Dainty 0-0: Ball
1-0: Swinging Strike
1-1: Ball
2-1: Foul Ball, location: 9LMF
2-2: Foul Ball, location: 2F
2-2: Foul Ball, location: 2F
2-2: Ball
3-2: Foul Ball, location: 9LSF
3-2: Foul Ball, location: 2F
3-2: Fly out, F8 (Flyball, 8RXD, EV 85.6 MPH)
Top of the 9th over - 1 run, 1 hit, 0 errors, 1 left on base; Footscray 4 - Fitzroy 5
Monday, May 6th , 2024 - OOTP Baseball 24.9 Build 80